 Dungeon Crawl Stone Soup version 0.25.0-11-g1f837a76a1 (webtiles) character file.

Game seed: 15541560535252380417

17 Aviak the Chiller (level 2, -1/21 HPs)
             Began as a Demonspawn Ice Elementalist on June 24, 2020.
             Slain by a worm (9 damage)
             ... on level 2 of the Dungeon.
             The game lasted 00:01:07 (1242 turns).

Aviak the Chiller (Demonspawn Ice Elementalist)     Turns: 1242, Time: 00:01:08

Health: -1/21      AC:  3    Str:  8    XL:     2   Next: 44%
Magic:  0/5        EV: 11    Int: 16    God:
Gold:   56         SH:  0    Dex: 13    Spells: 4/5 levels left

rFire    . . .     SeeInvis .   g - +0 short sword
rCold    . . .     Gourm    .   (no shield)
rNeg     . . .     Faith    .   j - +0 leather armour
rPois    .         Spirit   .   (no helmet)
rElec    .         Reflect  .   (no cloak)
rCorr    .         Harm     .   (no gloves)
MR       .....                  (no boots)
Stlth    +.........             (no amulet)
HPRegen  0.07/turn              (no ring)
MPRegen  0.09/turn              (no ring)

@: no status effects
A: hooves 1
a: no special abilities


You were on level 2 of the Dungeon.
You were not hungry.

You visited 1 branch of the dungeon, and saw 2 of its levels.

You collected 56 gold pieces.

Inventory:

Hand Weapons
 g - a +0 short sword (weapon)
Armour
 a - a +0 robe
 h - a +0 buckler
 j - a +0 leather armour (worn)
Scrolls
 b - 2 scrolls of identify {unknown}
 d - a scroll of remove curse {unknown}
 i - 2 scrolls of teleportation {unknown}
 k - a scroll of fog {unknown}
Potions
 e - a potion of mutation {unknown}
 f - a potion of brilliance {unknown}
 l - 2 potions of lignification {unknown}
Comestibles
 c - 6 rations


   Skills:
 + Level 1.1 Fighting
 - Level 1.7 Dodging
 - Level 1.7 Stealth
 + Level 2.3 Spellcasting
 + Level 3.8 Ice Magic


You had 4 spell levels left.
You knew the following spells:

 Your Spells              Type           Power        Failure   Level  Hunger
a - Freeze                Ice            ##..         6%          1    #......

Your spell library contained the following spells:

 Spells                   Type           Power        Failure   Level  Hunger
 Frozen Ramparts          Ice            ##....       19%         3    ###....
 Ozocubu's Armour         Chrm/Ice       #.......     36%         3    ###....
 Hailstorm                Conj/Ice       #.......     78%         4    #####..
 Summon Ice Beast         Ice/Summ       #.......     78%         4    #####..


Dungeon Overview and Level Annotations

Branches:
Dungeon (2/15)

Altars:
Nemelex Xobeh
Ru


Innate Abilities, Weirdness & Mutations

You have large cloven feet.


Message History

You freeze the worm.
The worm is almost dead.
Casting: Freeze (safe; 6% risk of failure)
Confirm with . or Enter, or press ? or * to list all spells.
You don't have enough magic to cast that spell.
Found a stone staircase leading up.
Casting: Freeze (safe; 6% risk of failure)
Confirm with . or Enter, or press ? or * to list all spells.
Aiming: Freeze (safe; 6% risk of failure)
Press: ? - help, Shift-Dir - straight line, f/p - worm
Aim: a worm (severely wounded)
You freeze the worm.
The worm is severely wounded.
The worm barely misses you.
You hit the worm. You kick the worm, but do no damage.
The worm is severely wounded.
You hit the worm.
The worm is almost dead.
The worm bites you!
You die...

......####.#...............
....### ...+...............
..###8####.#..............
..#._._.#.....#.........#
..##...##.....#..?......#
.###⌠.⌠##.....#.......### ##
##'##....###.......#
#####.+#....###.......#
............#...@w....#
#...........#................
#........#...................
.........#.....####!.........
.........#...... #......####
.........#...... .......#
....(....#...... ........#
.........#..<. ...#+###..
...#...###


You could see a worm.

Vanquished Creatures
  5 bats
  A goblin (D:1)
  2 hobgoblins
  3 kobolds
  3 frilled lizards (D:1)
  4 rats
18 creatures vanquished.

Notes
Turn   | Place    | Note
-------+----------+-------------------------------------------
     0 | D:1      | Aviak the Demonspawn Ice Elementalist began the quest for
                  | the Orb.
     0 | D:1      | Reached XP level 1. HP: 13/13 MP: 3/3
   604 | D:1      | Gained mutation: You have large cloven feet. [demonic
                  | ancestry]
   604 | D:1      | Reached XP level 2. HP: 14/20 MP: 1/5
   868 | D:1      | Reached skill level 1 in Fighting
  1203 | D:2      | Found a sparkling altar of Nemelex Xobeh.
  1203 | D:2      | Found a sacrificial altar of Ru.
  1242 | D:2      | Slain by a worm

Illustrated notes

Levels and vault maps discovered:
D:1:      psy_arrival_conway, layout_basic
D:2:      layout_basic, gammafunk_temple_overflow_statue, first_ration

Skill      XL: |  1  2 |
---------------+-------+-----
Fighting       | 1 |  1.1
Dodging        | |  1.7
Stealth        | |  1.7
Spellcasting   | |  2.3
Ice Magic      | |  3.8

Action                   || total
-------------------------++-------
Melee: Short sword       ||    40
       Kick              ||     2
 Cast: Freeze            ||    17
 Stab: Sleeping          ||     1
  Eat: Chunk             ||     1
Armor: Robe              ||     8
       Leather armour    ||     2
Dodge: Dodged            ||    38
